 Dungeon Crawl Stone Soup version 0.28.0-1-gb440e238dd (webtiles) character file.

Game seed: 11169973367668496983

821 issech the Cudgeller (level 7, -16/70 HPs)
             Began as a Troll Monk on Feb 23, 2022.
             Killed from afar by a steam dragon (21 damage)
             ... with a ball of steam
             ... on level 4 of the Dungeon.
             The game lasted 00:14:07 (3933 turns).

issech the Cudgeller (Troll Monk)                   Turns: 3933, Time: 00:14:08

Health: -16/70     AC:  4    Str: 20    XL:     7   Next: 63%
Magic:  15/15      EV: 11    Int:  6    God:
Gold:   164        SH:  0    Dex: 14    Spells: 6/6 levels left

rFire   . . .      SeeInvis .   g - +0 whip (venom)
rCold   . . .      Faith    .   (no shield)
rNeg    . . .      Spirit   .   b - +0 robe
rPois   .          Reflect  .   (helmet restricted)
rElec   .          Harm     .   (no cloak)
rCorr   .          Rampage  .   (gloves unavailable)
Will    .....                   (boots unavailable)
Stlth   ++........              (no amulet)
HPRegen 1.01/turn               n - ring of magical power
MPRegen 0.14/turn               (no ring)

@: very slow
A: large, unfitting armour, claws 3, regeneration 1, shaggy fur 1, tough skin 1
a: no special abilities


You were on level 4 of the Dungeon.
You visited 1 branch of the dungeon, and saw 4 of its levels.

You collected 164 gold pieces.

Inventory:

Hand Weapons
 a - a +0 mace
 g - a +0 whip of venom (weapon)
 j - a +0 flail
 s - a +1 whip of electrocution
 v - a +0 giant club
Missiles
 h - 8 poisoned darts
 i - 111 stones (quivered)
 l - 42 sling bullets
 t - 6 javelins
 u - 29 arrows
Armour
 b - a +0 robe (worn)
Jewellery
 n - a ring of magical power (left claw)
Wands
 k - a wand of paralysis (7)
 w - a wand of iceblast (8)
Scrolls
 c - a scroll of teleportation {unknown}
 d - a scroll of vulnerability
 e - a scroll of noise {unknown}
 f - a scroll of identify
 m - a scroll of holy word {unknown}
 o - a scroll of acquirement {unknown}
 r - a scroll of blinking
Potions
 p - a potion of heal wounds {unknown}
 q - a potion of curing {unknown}


   Skills:
 + Level 4.2 Fighting
 + Level 5.5 Maces & Flails
 + Level 4.0 Dodging
 + Level 2.3 Stealth


You had 6 spell levels left.
You didn't know any spells.
Your spell library contained the following spells:

 Spells                   Type           Power      Damage    Failure   Level
 Beastly Appendage        Tmut           0%         N/A       45%         1
 Magic Dart               Conj           0%         1d3       45%         1
 Sandblast                Erth           0%         2d4       45%         1
 Call Imp                 Summ           0%         N/A       58%         2
 Passwall                 Tmut/Erth      0%         N/A       58%         2
 Wereblood                Tmut           0%         N/A       58%         2
 Mephitic Cloud           Conj/Pois/Air  0%         N/A       83%         3
 Spider Form              Tmut/Pois      0%         N/A       83%         3
 Stone Arrow              Conj/Erth      0%         3d7       83%         3


Dungeon Overview and Level Annotations

Branches:
Dungeon (4/15)
 Temple: D:4-7

Altars:
Gozag
Kikubaaqudgha
Ru
Trog
Uskayaw
Zin
The Shining One


Innate Abilities, Weirdness & Mutations

You are too large for most types of armour.
You have claws for hands.
Your natural rate of healing is unusually fast.
You are covered in fur. (AC +1)
You have tough skin. (AC +1)


Message History

Moving in this stuff is going to be slow.
The steam dragon breathes steam at you. The ball of steam hits you!
The hobgoblin is engulfed in a cloud of scalding steam.
There is an open door here.
You enter the shallow water.
Moving in this stuff is going to be slow.
The steam dragon breathes steam at you.
The ball of steam hits the hobgoblin!
The hobgoblin dies!
The ball of steam hits you!! The steam dragon breathes steam at you.
The ball of steam hits you!!
You enter the shallow water.
Moving in this stuff is going to be slow.
The steam dragon breathes steam at you. The ball of steam hits you!!
* * * LOW HITPOINT WARNING * * *
You hit the steam dragon but do no damage.
The steam dragon is poisoned.
You are engulfed in a cloud of scalding steam.
* * * LOW HITPOINT WARNING * * *
The steam dragon bites you but does no damage.
The steam dragon claws you but does no damage.
Unknown command.
You hit the steam dragon.
The steam dragon is lightly wounded.
You are engulfed in a cloud of scalding steam.
* * * LOW HITPOINT WARNING * * *
The steam dragon closely misses you.
The steam dragon claws you but does no damage.
You hit the steam dragon.
The steam dragon is moderately wounded.
You are engulfed in a cloud of scalding steam.
* * * LOW HITPOINT WARNING * * *
You hit the steam dragon but do no damage.
The steam dragon is moderately wounded.
The steam dragon breathes steam at you. The ball of steam hits you!!
You die...

......#.#<# #≈##≈##.##≈##≈####..
######..#.# #≈#≈≈#.≈.#≈≈#≈#....#
.≈≈≈..#...####≈≈≈≈##§##≈≈≈≈#.####
≈...≈..#.....#.#.≈#.D.#≈####...#
≈._.≈...#.##.#.#.≈##.##≈# ###.#
≈...≈..#.###.#.#.≈≈#.#≈≈## #.#
.≈≈≈..#.## #.#..≈≈##'##≈≈#####.#
######.## #.#.D≈##≈≈≈##≈......#
......## #.#.#@#≈≈#≈≈#≈#######
##..#†# #.#.#≈≈≈###≈≈≈# ###.#.#
#.#....## ###.# #.#.# #.####.#
#.# ##.#.### ##.#############
#......# #.....#.......# #......#
#.....#._.)._.#
#......###.....#.......#
#...>....#.....##.....##


You could see a steam dragon (very poisoned, catching breath).

Vanquished Creatures
  Pikel (D:3)
  An ogre (D:4)
  A lemure (D:4)
  A phantom (D:4)
  A hound (D:3)
  Ijyb (D:4)
  Terence (D:2)
  4 gnolls
  3 adders
  3 worms
  3 dart slugs (D:2)
  2 orcs
  7 ball pythons
  7 endoplasms
  6 giant cockroaches
  4 goblins
  2 hobgoblins (D:1)
  6 jackals
  3 quokkas
  7 bats
  2 frilled lizards
  5 kobolds
  12 rats
83 creatures vanquished.

Vanquished Creatures (others)
  A hobgoblin (D:4)
1 creature vanquished.

Grand Total: 84 creatures vanquished

Notes
Turn   | Place    | Note
-------+----------+-------------------------------------------
     0 | D:1      | issech the Troll Monk began the quest for the Orb.
     0 | D:1      | Reached XP level 1. HP: 22/22 MP: 0/0
     2 | D:1      | Found a faded altar of an unknown god.
    68 | D:1      | Reached XP level 2. HP: 29/29 MP: 1/1
   176 | D:1      | Reached skill level 3 in Maces & Flails
   353 | D:1      | Reached XP level 3. HP: 35/36 MP: 2/2
  1371 | D:2      | Reached XP level 4. HP: 44/44 MP: 3/3
  1745 | D:2      | Noticed Terence
  1765 | D:2      | Killed Terence
  2177 | D:2      | Reached XP level 5. HP: 38/53 MP: 4/4
  2428 | D:3      | Reached skill level 4 in Maces & Flails
  2580 | D:3      | Found a bloodstained altar of Trog.
  2583 | D:3      | Found an ancient bone altar of Kikubaaqudgha.
  3056 | D:4      | Noticed a phantom
  3072 | D:4      | Killed a phantom
  3073 | D:4      | Reached XP level 6. HP: 48/61 MP: 5/5
  3124 | D:4      | Found a hide-covered altar of Uskayaw.
  3179 | D:4      | Found a sacrificial altar of Ru.
  3186 | D:4      | Noticed Pikel
  3276 | D:3      | Killed Pikel
  3277 | D:3      | Reached skill level 5 in Maces & Flails
  3277 | D:3      | Reached XP level 7. HP: 45/70 MP: 6/6
  3525 | D:4      | Found a glowing silver altar of Zin.
  3525 | D:4      | Found an opulent altar of Gozag.
  3567 | D:4      | Found a glowing golden altar of the Shining One.
  3625 | D:4      | Noticed Ijyb
  3686 | D:4      | Killed Ijyb
  3813 | D:4      | Noticed a steam dragon
  3933 | D:4      | Killed from afar by a steam dragon

Illustrated notes

Levels and vault maps discovered:
D:1:      dpeg_arrival_tiny_a, layout_basic,
          hellmonk_ecumenical_altar_dog_temple, minmay_rat_gold_closets
D:2:      layout_basic, kennysheep_generic_room_5, uniq_terence
D:3:      layout_loops_ring, mainiacjoe_overflow_catwalk_spiral
D:4:      layout_basic, grunt_temple_overflow_gold_and_silver,
          mainiacjoe_overflow_alcove_4, kennysheep_mini,
          nicolae_ru_awakened_eye, minmay_manual_mullet, uniq_natasha,
          uniq_pikel, uniq_ijyb

Skill      XL: |  1  2  3  4  5  6  7 |
---------------+----------------------+-----
Maces & Flails | 3 4 5 |  5.5
Fighting       | 3 4 |  4.2
Dodging        | 3 4 |  4.0
Stealth        | 2 |  2.3

Action                   |  1- 3 |  4- 6 |  7- 9 || total
-------------------------+-------+-------+-------++-------
Melee: Mace              |   108 |     6 |       ||   114
       Punch             |     3 |       |       ||     3
       Whip              |       |   159 |    20 ||   179
Throw: Stone             |       |       |     7 ||     7
  Use: Scroll            |       |       |     2 ||     2
 Stab: Sleeping          |     5 |     5 |     1 ||    11
Armor: Robe              |    59 |    38 |     8 ||   105
Dodge: Dodged            |   110 |    73 |     5 ||   188
